Rimouski Oceanic vs Chicoutimi Sagueneens

Created - 1 février 2021 at 13:38

Goals
1 2 3 T
Rimouski Oceanic 1 0 0 1
Chicoutimi Sagueneens 4 2 1 7
Shots
1 2 3 T
Rimouski Oceanic 13 15 12 40
Chicoutimi Sagueneens 11 15 9 35

1st period

1. Chicoutimi Sagueneens , Brayden Burke 27 (Dylan Gambrell 14) at 8:06
2. Rimouski Oceanic , Joakim Nygard 17 (Blake Pietila 11) at 11:55
3. Chicoutimi Sagueneens , Nolan Stevens 9 (Dylan Sikura 13) at 13:31
4. Chicoutimi Sagueneens , Dylan Gambrell 11 (Aleksi Saarela 39) at 15:18
5. Chicoutimi Sagueneens , Joachim Blichfeld 10 (Scott Wilson 9) at 17:02

Penalties :
Otto Leskinen (SAG) for Diving (Minor) at 19:32

2nd period

6. Chicoutimi Sagueneens , Brayden Burke 28 (Andrew Peeke 21, Aleksi Saarela 40) at 2:07 (PP)
7. Chicoutimi Sagueneens , Brayden Burke 29 (Otto Leskinen 12, Dylan Gambrell 15) at 5:38

Penalties :
Connor Carrick (OCE) for Tripping (Minor) at 0:15, Dylan Sikura (SAG) for Fighting (Major) at 4:05, Brendan Leipsic (OCE) for Fighting (Major) at 4:05, Nolan Stevens (SAG) for Fighting (Major) at 18:21, Mark Alt (OCE) for Fighting (Major) at 18:21

3rd period

8. Chicoutimi Sagueneens , Aleksi Saarela 28 (Brayden Burke 40, Libor Hajek 4) at 14:44 (PP)

Penalties :
Maxim Letunov (SAG) for Fighting (Major) at 2:22, Kyle Wood (OCE) for Fighting (Major) at 2:22, Chris Stewart (OCE) for Interference (Minor) at 11:29, Nick Schilkey (OCE) for Hooking (Minor) at 14:27, Jakub Zboril (SAG) for Fighting (Major) at 15:56, Blake Pietila (OCE) for Fighting (Major) at 15:56, Andrew Peeke (SAG) for Fighting (Major) at 16:31, Chris Stewart (OCE) for Fighting (Major) at 16:31

Goalie Stats

Matt Tomkins (OCE), 7 saves from 11 shots - (0,636), L, 7-18-3, 17:02 minutes
Filip Gustavsson (OCE), 21 saves from 24 shots - (0,875), 42:58 minutes
Anthony Stolarz (SAG), 39 saves from 40 shots - (0,975), W, 17-7-2, 60:00 minutes

Players Stats for Rimouski Oceanic

Player Name              G  A  P  +/- PIM S  H  SB GA TA FO     MP     PP MP  PK MP  
------------------------------------------------------------------------------------
Beau Starrett            0  0  0  -2  0   0  1  1  0  0  0/1    14:08   0:00   0:00 
Blake Pietila            0  1  1   0  5   1  1  1  0  1  1/3    18:49   0:43   0:45 
Brendan Leipsic          0  0  0   0  5   10 3  0  1  1  5/24   20:18   0:43   1:36 
Cam Darcy                0  0  0  -2  0   3  0  0  1  0  1/10   15:10   0:00   0:19 
Chris Stewart            0  0  0  -2  7   0  2  0  0  0  0/1    16:50   0:00   0:00 
Connor Carrick           0  0  0   0  2   2  2  3  0  1  0/0    25:48   0:42   1:11 
Connor Clifton           0  0  0  -3  0   1  3  2  1  0  0/0    20:19   0:00   1:35 
Derek Barach             0  0  0  -2  0   3  1  1  3  0  0/0    14:17   0:00   0:00 
Deven Sideroff           0  0  0   0  0   1  0  0  0  0  0/0     4:48   0:00   0:00 
Joakim Nygard            1  0  1   0  0   6  1  0  0  0  2/7    24:55   0:43   1:30 
Kyle Wood                0  0  0  -3  5   1  2  1  0  0  0/0    18:18   0:00   1:35 
Luke Philp               0  0  0  -2  0   10 1  0  0  0  4/14   17:57   0:00   0:25 
Mark Alt                 0  0  0  -1  5   1  0  0  0  0  0/0    13:39   0:00   0:06 
Maxime Fortier           0  0  0   0  0   0  0  0  0  0  1/5     5:15   0:00   0:15 
Maxime Lajoie            0  0  0  -1  0   0  2  0  0  0  0/0    14:56   0:00   0:00 
Nick Schilkey            0  0  0  -2  2   0  1  1  1  1  0/0    17:08   0:00   0:03 
Reid Duke                0  0  0   0  0   0  0  0  0  0  1/3     6:12   0:00   0:51 
Taylor Fedun             0  0  0   0  0   1  0  1  0  0  0/0    26:57   0:43   1:17 

Players Stats for Chicoutimi Sagueneens

Player Name              G  A  P  +/- PIM S  H  SB GA TA FO     MP     PP MP  PK MP  
------------------------------------------------------------------------------------
Aleksi Saarela           1  2  3   2  0   4  2  0  1  1  21/29  25:44   1:23   0:43 
Andrew Peeke             0  1  1   0  5   1  0  1  0  0  0/0    26:22   1:19   0:43 
Bobby Nardella           0  0  0   2  0   0  1  0  0  3  0/0    14:54   0:43   0:00 
Brayden Burke            3  1  4   2  0   8  2  1  2  0  2/3    21:54   1:23   0:00 
Dylan Gambrell           1  2  3   2  0   3  1  0  0  1  1/1    21:54   1:23   0:00 
Dylan Sikura             0  1  1   1  5   2  1  0  0  0  7/9    13:11   0:00   0:00 
Jakub Zboril             0  0  0   2  5   3  2  1  0  0  0/0    18:10   1:20   0:00 
Jalen Smereck            0  0  0   2  0   0  1  0  0  0  0/0    12:34   0:00   0:00 
Joachim Blichfeld        1  0  1   1  0   3  0  0  1  1  2/2    17:42   0:59   0:00 
Jonathan Ang             0  0  0   0  0   1  1  0  0  0  3/4     6:00   0:30   0:00 
Libor Hajek              0  1  1   0  0   3  1  0  0  0  0/0    28:15   1:32   0:43 
Maxim Letunov            0  0  0   1  5   0  2  1  0  0  17/20  19:31   0:59   0:43 
Miikka Salomaki          0  0  0   0  0   0  1  0  0  0  0/0     3:42   0:00   0:00 
Mike Vecchione           0  0  0   1  0   1  0  0  0  1  0/0    14:39   0:00   0:00 
Nolan Stevens            1  0  1   1  5   3  2  1  0  0  0/0    14:35   0:00   0:00 
Otto Leskinen            0  1  1   2  2   1  2  0  0  0  0/0    19:26   1:20   0:00 
Pascal Laberge           0  0  0   0  0   0  0  0  0  0  0/0     1:40   0:30   0:00 
Scott Wilson             0  1  1   1  0   2  0  0  0  0  0/0    17:42   0:59   0:00 

3 Stars

1 - Brayden Burke (SAG)
2 - Anthony Stolarz (SAG)
3 - Aleksi Saarela (SAG)

Power Play

Rimouski Oceanic - 0 on 1 Attempt(s) - 0,00%
Chicoutimi Sagueneens - 2 on 3 Attempt(s) - 66,67%

Penalty Kill

Rimouski Oceanic - 1 on 3 Attempt(s) - 33,33% - Score 0 goal in Penalty Kill
Chicoutimi Sagueneens - 1 on 1 Attempt(s) - 100,00% - Score 0 goal in Penalty Kill

Team Stat

Rimouski Oceanic - Hits : 20 - Faceoff Wins : 15 - Blocked Shots : 11 - Penalty Minutes : 31
Chicoutimi Sagueneens - Hits : 19 - Faceoff Wins : 53 - Blocked Shots : 5 - Penalty Minutes : 27

Official

Referees : Frederick L'Ecuyer and Pierre Lambert
Linesman : Matt MacPherson and Kiel Murchison

Game Notes

Filip Gustavsson enters game at 17:02 of 1st period
Dylan Sikura beats up Brendan Leipsic at 4:05 of 2nd period
Brayden Burke has scored a Hat Trick!
Nolan Stevens beats up Mark Alt at 18:21 of 2nd period
Maxim Letunov and Kyle Wood fight to a draw at 2:22 of 3rd period
Jakub Zboril beats up Blake Pietila at 15:56 of 3rd period
Andrew Peeke and Chris Stewart fight to a draw at 16:31 of 3rd period

Finance

Level 1 -- Attendance: 1580 (79,00%) -- Ticket Income 55 300 $
Level 2 -- Attendance: 843 (84,30%) -- Ticket Income 12 645 $
Total Attendance: 2423 (80,77%)
Total Ticket Income: 67 945 $
Other Income: 33 293 $
Total Income: 101 238 $

Rimouski Oceanic

5 vs 5 Forward 
   Center                   Left Wing                Right Wing               Time % Phy DF OF 
 1 Brendan Leipsic          Joakim Nygard            Blake Pietila            40     1   2  2  
 2 Luke Philp               Nick Schilkey            Chris Stewart            30     1   2  2  
 3 Cam Darcy                Beau Starrett            Derek Barach             20     1   2  2  
 4 Reid Duke                Joakim Nygard            Deven Sideroff           10     1   2  2  

5 vs 5 Defense 
   Defense                  Defense                                           Time % Phy DF OF 
 1 Connor Carrick           Taylor Fedun                                      40     1   2  2  
 2 Kyle Wood                Connor Clifton                                    30     1   2  2  
 3 Maxime Lajoie            Mark Alt                                          20     1   2  2  
 4 Connor Carrick           Taylor Fedun                                      10     1   2  2  

PowerPlay Forward 
   Center                   Left Wing                Right Wing               Time % Phy DF OF 
 1 Brendan Leipsic          Joakim Nygard            Blake Pietila            60     1   2  2  
 2 Luke Philp               Nick Schilkey            Chris Stewart            40     1   2  2  

PowerPlay Defense
   Defense                  Defense                                           Time % Phy DF OF 
 1 Connor Carrick           Taylor Fedun                                      60     1   2  2  
 2 Kyle Wood                Connor Clifton                                    40     1   2  2  

Penalty Kill 4 Players Forward 
   Center                   Wing                     Time % Phy DF OF 
 1 Joakim Nygard            Brendan Leipsic          60     1   2  2  
 2 Blake Pietila            Luke Philp               40     1   2  2  

Penalty Kill 4 Players Defense
   Defense                  Defense                  Time % Phy DF OF 
 1 Connor Carrick           Taylor Fedun             60     1   2  2  
 2 Kyle Wood                Connor Clifton           40     1   2  2  

Penalty Kill - 3 Players Forward 
   Forward                                           Time % Phy DF OF 
 1 Joakim Nygard                                     60     1   2  2  
 2 Brendan Leipsic                                   40     1   2  2  

Penalty Kill - 3 Players Defense
   Defense                  Defense                  Time % Phy DF OF 
 1 Connor Carrick           Taylor Fedun             60     1   2  2  
 2 Kyle Wood                Connor Clifton           40     1   2  2  

4 vs 4 Forward 
   Center                   Wing                     Time % Phy DF OF 
 1 Joakim Nygard            Brendan Leipsic          60     1   2  2  
 2 Blake Pietila            Luke Philp               40     1   2  2  

4 vs 4 Defense
   Defense                  Defense                  Time % Phy DF OF 
 1 Connor Carrick           Taylor Fedun             60     1   2  2  
 2 Kyle Wood                Connor Clifton           40     1   2  2  

Last Minutes Offensive
   Center                   Left Wing                Right Wing               Defense                  Defense                  
   Brendan Leipsic          Joakim Nygard            Blake Pietila            Connor Carrick           Taylor Fedun             

Last Minutes Defensive
   Center                   Left Wing                Right Wing               Defense                  Defense                  
   Brendan Leipsic          Joakim Nygard            Blake Pietila            Connor Carrick           Taylor Fedun             

Goaltenders
Starting : Matt Tomkins             
Backup : Filip Gustavsson         

Extra Forwards
Normal : Maxime Fortier, Cam Darcy, Reid Duke - PP : Maxime Fortier, Cam Darcy - PK : Reid Duke
Extra Defensemen
Normal : Maxime Lajoie, Mark Alt, Kyle Wood - PP : Maxime Lajoie - PK : Mark Alt, Kyle Wood
Penalty Shots
Joakim Nygard, Brendan Leipsic, Blake Pietila, Luke Philp, Nick Schilkey

Scratches
Andreas Englund (Healthy), Nicholas Baptiste (Healthy), Lean Bergmann (Healthy), Anton Wedin (Healthy), Dan Renouf (Healthy)
William Borgen (Healthy), Ryan MacInnis (Healthy), Jeremy Gregoire (Healthy), Tyler Sikura (Healthy), Kyle Burroughs (Healthy)
Bryan Moore (Healthy), Kelly Summers (Healthy), Ryan Dmowski (Healthy)

Chicoutimi Sagueneens

5 vs 5 Forward 
   Center                   Left Wing                Right Wing               Time % Phy DF OF 
 1 Aleksi Saarela           Brayden Burke            Dylan Gambrell           39     1   2  2  
 2 Maxim Letunov            Joachim Blichfeld        Scott Wilson             31     1   2  2  
 3 Dylan Sikura             Nolan Stevens            Mike Vecchione           21     1   2  2  
 4 Maxim Letunov            Aleksi Saarela           Miikka Salomaki          9      1   2  2  

5 vs 5 Defense 
   Defense                  Defense                                           Time % Phy DF OF 
 1 Libor Hajek              Andrew Peeke                                      38     1   2  2  
 2 Jakub Zboril             Otto Leskinen                                     31     1   2  2  
 3 Bobby Nardella           Jalen Smereck                                     21     1   2  2  
 4 Libor Hajek              Andrew Peeke                                      10     1   2  2  

PowerPlay Forward 
   Center                   Left Wing                Right Wing               Time % Phy DF OF 
 1 Aleksi Saarela           Brayden Burke            Dylan Gambrell           60     1   2  2  
 2 Maxim Letunov            Joachim Blichfeld        Scott Wilson             40     1   2  2  

PowerPlay Defense
   Defense                  Defense                                           Time % Phy DF OF 
 1 Libor Hajek              Andrew Peeke                                      60     1   2  2  
 2 Jakub Zboril             Otto Leskinen                                     40     1   2  2  

Penalty Kill 4 Players Forward 
   Center                   Wing                     Time % Phy DF OF 
 1 Aleksi Saarela           Maxim Letunov            60     1   2  2  
 2 Brayden Burke            Dylan Gambrell           40     1   2  2  

Penalty Kill 4 Players Defense
   Defense                  Defense                  Time % Phy DF OF 
 1 Libor Hajek              Andrew Peeke             60     1   2  2  
 2 Jakub Zboril             Otto Leskinen            40     1   2  2  

Penalty Kill - 3 Players Forward 
   Forward                                           Time % Phy DF OF 
 1 Aleksi Saarela                                    60     1   2  2  
 2 Maxim Letunov                                     40     1   2  2  

Penalty Kill - 3 Players Defense
   Defense                  Defense                  Time % Phy DF OF 
 1 Libor Hajek              Andrew Peeke             60     1   2  2  
 2 Jakub Zboril             Otto Leskinen            40     1   2  2  

4 vs 4 Forward 
   Center                   Wing                     Time % Phy DF OF 
 1 Aleksi Saarela           Maxim Letunov            60     1   2  2  
 2 Brayden Burke            Dylan Gambrell           40     1   2  2  

4 vs 4 Defense
   Defense                  Defense                  Time % Phy DF OF 
 1 Libor Hajek              Andrew Peeke             60     1   2  2  
 2 Jakub Zboril             Otto Leskinen            40     1   2  2  

Last Minutes Offensive
   Center                   Left Wing                Right Wing               Defense                  Defense                  
   Aleksi Saarela           Brayden Burke            Dylan Gambrell           Libor Hajek              Andrew Peeke             

Last Minutes Defensive
   Center                   Left Wing                Right Wing               Defense                  Defense                  
   Aleksi Saarela           Brayden Burke            Dylan Gambrell           Libor Hajek              Andrew Peeke             

Goaltenders
Starting : Anthony Stolarz          
Backup : Ville Husso              

Extra Forwards
Normal : Jonathan Ang, Pascal Laberge, Dylan Sikura - PP : Jonathan Ang, Pascal Laberge - PK : Dylan Sikura
Extra Defensemen
Normal : Bobby Nardella, Jalen Smereck, Jakub Zboril - PP : Bobby Nardella - PK : Jalen Smereck, Jakub Zboril
Penalty Shots
Aleksi Saarela, Maxim Letunov, Brayden Burke, Dylan Gambrell, Joachim Blichfeld

Scratches
Andrew Ladd (Healthy), Jacob Nilsson (Healthy), Tye Felhaber (Healthy), Clark Bishop (Healthy), Pavel Shen (Healthy)
Bokondji Imama (Healthy), Antoine Morand (Healthy), Jeff Taylor (Healthy), Christopher Clapperton (Healthy), Jonathan Racine (Healthy)
Adam Werner (Healthy)

% Time on Ice - Rimouski Oceanic

Lines # - Real PCT - Wanted PCT - Time Play
Normal Forward
1 - 35% - 40% - 19:07
2 - 31% - 30% - 17:06
3 - 26% - 20% - 14:08
4 - 9% - 10% - 4:48
Normal Defense
1 - 38% - 40% - 20:50
2 - 34% - 30% - 18:30
3 - 23% - 20% - 12:44
4 - 6% - 10% - 3:05
PP Forward
1 - 100% - 60% - 0:43
2 - 0% - 40% - 0:00
PP Defense
1 - 100% - 60% - 0:43
2 - 0% - 40% - 0:00
PK Forward
1 - 85% - 60% - 2:27
2 - 15% - 40% - 0:25
PK Defense
1 - 45% - 60% - 1:17
2 - 55% - 40% - 1:35
PK3 Forward
1 - 0% - 60%
2 - 0% - 40%
PK3 Defense
1 - 0% - 60%
2 - 0% - 40%
44 Forward
1 - 66% - 60% - 0:50
2 - 34% - 40% - 0:26
44 Defense
1 - 82% - 60% - 1:02
2 - 18% - 40% - 0:14
Last Minute Offensive  - 0:00
Last Minute Defensive  - 0:00
Total
Forward - 60:00
Defense - 60:00

% Time on Ice - Chicoutimi Sagueneens

Lines # - Real PCT - Wanted PCT - Time Play
Normal Forward
1 - 36% - 39% - 20:05
2 - 30% - 31% - 16:43
3 - 27% - 21% - 14:39
4 - 7% - 9% - 3:42
Normal Defense
1 - 38% - 38% - 21:11
2 - 32% - 31% - 17:48
3 - 21% - 21% - 11:35
4 - 8% - 10% - 4:35
PP Forward
1 - 66% - 60% - 1:53
2 - 34% - 40% - 0:59
PP Defense
1 - 53% - 60% - 1:32
2 - 47% - 40% - 1:20
PK Forward
1 - 100% - 60% - 0:43
2 - 0% - 40% - 0:00
PK Defense
1 - 100% - 60% - 0:43
2 - 0% - 40% - 0:00
PK3 Forward
1 - 0% - 60%
2 - 0% - 40%
PK3 Defense
1 - 0% - 60%
2 - 0% - 40%
44 Forward
1 - 66% - 60% - 0:50
2 - 34% - 40% - 0:26
44 Defense
1 - 46% - 60% - 0:35
2 - 54% - 40% - 0:41
Last Minute Offensive  - 0:00
Last Minute Defensive  - 0:00
Total
Forward - 60:00
Defense - 60:00

Play-by-Play

1st period


0:01 of 1st period - Aleksi Saarela wins face-off versus Brendan Leipsic in neutral zone.
1:48 of 1st period - Off-side.
1:49 of 1st period - Dylan Sikura wins face-off versus Beau Starrett in neutral zone.
3:37 of 1st period - Snap shot by Joakim Nygard.
3:37 of 1st period - Stopped by Anthony Stolarz with a rebound.
3:57 of 1st period - Backhand shot by Brayden Burke.
3:57 of 1st period - Stopped by Matt Tomkins with a rebound.
4:15 of 1st period - Dylan Gambrell is hit by Kyle Wood and loses puck.
4:42 of 1st period - Libor Hajek is hit by Connor Carrick and loses puck.
5:48 of 1st period - Snap shot by Brendan Leipsic.
5:48 of 1st period - Deflect By Libor Hajek.
5:48 of 1st period - Stopped by Anthony Stolarz with a rebound.
5:50 of 1st period - Backhand shot by Mark Alt.
5:50 of 1st period - Stopped by Anthony Stolarz with a rebound.
5:52 of 1st period - Wrist shot by Brendan Leipsic.
5:52 of 1st period - Stopped by Anthony Stolarz with a rebound.
5:54 of 1st period - Snap shot by Maxime Fortier.
5:54 of 1st period - Shot Blocked by Maxim Letunov.
6:42 of 1st period - Derek Barach is hit by Brayden Burke and loses puck.
6:55 of 1st period - Nolan Stevens is hit by Connor Carrick and loses puck.
7:10 of 1st period - Maxim Letunov is hit by Nick Schilkey and loses puck.
7:21 of 1st period - Maxim Letunov is hit by Maxime Lajoie and loses puck.
7:30 of 1st period - Snap shot by Jakub Zboril.
7:30 of 1st period - Stopped by Matt Tomkins without a rebound.
7:31 of 1st period - Dylan Sikura wins face-off versus Cam Darcy in Rimouski Oceanic zone.
7:34 of 1st period - Slapshot by Nolan Stevens.
7:34 of 1st period - Stopped by Matt Tomkins without a rebound.
7:35 of 1st period - Dylan Sikura wins face-off versus Cam Darcy in Rimouski Oceanic zone.
8:01 of 1st period - Brendan Leipsic is hit by Dylan Gambrell and loses puck.
8:06 of 1st period - Wrist shot by Brayden Burke.
8:06 of 1st period - Goal by Brayden Burke - Rimouski Oceanic : 0 - Chicoutimi Sagueneens : 1.
8:07 of 1st period - Aleksi Saarela wins face-off versus Brendan Leipsic in neutral zone.
8:09 of 1st period - Off-side.
8:10 of 1st period - Aleksi Saarela wins face-off versus Brendan Leipsic in neutral zone.
8:40 of 1st period - Snap shot by Derek Barach.
8:40 of 1st period - Shot Misses the Net.
9:20 of 1st period - Icing by Nolan Stevens.
9:21 of 1st period - Dylan Sikura wins face-off versus Brendan Leipsic in Chicoutimi Sagueneens zone.
9:48 of 1st period - Dylan Sikura is hit by Brendan Leipsic and loses puck.
10:09 of 1st period - Snap shot by Nolan Stevens.
10:09 of 1st period - Stopped by Matt Tomkins without a rebound.
10:10 of 1st period - Luke Philp wins face-off versus Brayden Burke in Rimouski Oceanic zone.
10:24 of 1st period - Off-side.
10:25 of 1st period - Cam Darcy wins face-off versus Maxim Letunov in neutral zone.
10:38 of 1st period - Wrist shot by Joachim Blichfeld.
10:38 of 1st period - Stopped by Matt Tomkins with a rebound.
10:40 of 1st period - Wrist shot by Maxim Letunov.
10:40 of 1st period - Shot Blocked by Connor Carrick.
11:14 of 1st period - Snap shot by Brendan Leipsic.
11:14 of 1st period - Shot Misses the Net.
11:16 of 1st period - Wrist shot by Joakim Nygard.
11:16 of 1st period - Shot Blocked by Jakub Zboril.
11:18 of 1st period - Snap shot by Brendan Leipsic.
11:18 of 1st period - Stopped by Anthony Stolarz without a rebound.
11:19 of 1st period - Joachim Blichfeld wins face-off versus Brendan Leipsic in Chicoutimi Sagueneens zone.
11:48 of 1st period - Off-side.
11:49 of 1st period - Dylan Gambrell wins face-off versus Luke Philp in neutral zone.
11:51 of 1st period - Off-side.
11:52 of 1st period - Blake Pietila wins face-off versus Aleksi Saarela in neutral zone.
11:55 of 1st period - Wrist shot by Joakim Nygard.
11:55 of 1st period - Goal by Joakim Nygard - Rimouski Oceanic : 1 - Chicoutimi Sagueneens : 1.
11:56 of 1st period - Brendan Leipsic wins face-off versus Aleksi Saarela in neutral zone.
11:59 of 1st period - Wrist shot by Brendan Leipsic.
11:59 of 1st period - Deflect By Libor Hajek.
11:59 of 1st period - Stopped by Anthony Stolarz with a rebound.
12:59 of 1st period - Snap shot by Brayden Burke.
12:59 of 1st period - Shot Misses the Net.
13:03 of 1st period - Snap shot by Brayden Burke.
13:03 of 1st period - Stopped by Matt Tomkins without a rebound.
13:04 of 1st period - Maxim Letunov wins face-off versus Brendan Leipsic in Rimouski Oceanic zone.
13:19 of 1st period - Snap shot by Scott Wilson.
13:19 of 1st period - Stopped by Matt Tomkins without a rebound.
13:20 of 1st period - Dylan Sikura wins face-off versus Luke Philp in Rimouski Oceanic zone.
13:29 of 1st period - Snap shot by Nolan Stevens.
13:29 of 1st period - Shot Misses the Net.
13:31 of 1st period - Snap shot by Nolan Stevens.
13:31 of 1st period - Goal by Nolan Stevens - Rimouski Oceanic : 1 - Chicoutimi Sagueneens : 2.
13:32 of 1st period - Maxim Letunov wins face-off versus Brendan Leipsic in neutral zone.
14:20 of 1st period - Wrist shot by Nolan Stevens.
14:20 of 1st period - Shot Misses the Net.
14:25 of 1st period - Icing by Connor Clifton.
14:26 of 1st period - Maxim Letunov wins face-off versus Cam Darcy in Rimouski Oceanic zone.
15:07 of 1st period - Brayden Burke is hit by Connor Clifton and loses puck.
15:16 of 1st period - Wrist shot by Aleksi Saarela.
15:16 of 1st period - Shot Misses the Net.
15:18 of 1st period - Wrist shot by Dylan Gambrell.
15:18 of 1st period - Goal by Dylan Gambrell - Rimouski Oceanic : 1 - Chicoutimi Sagueneens : 3.
15:19 of 1st period - Maxim Letunov wins face-off versus Joakim Nygard in neutral zone.
15:53 of 1st period - Snap shot by Luke Philp.
15:53 of 1st period - Stopped by Anthony Stolarz with a rebound.
16:50 of 1st period - Snap shot by Nolan Stevens.
16:50 of 1st period - Shot Blocked by Blake Pietila.
17:02 of 1st period - Snap shot by Joachim Blichfeld.
17:02 of 1st period - Goal by Joachim Blichfeld - Rimouski Oceanic : 1 - Chicoutimi Sagueneens : 4.
17:02 of 1st period - Filip Gustavsson enters game.
17:03 of 1st period - Luke Philp wins face-off versus Maxim Letunov in neutral zone.
17:19 of 1st period - Wrist shot by Luke Philp.
17:19 of 1st period - Deflect By Joachim Blichfeld.
17:19 of 1st period - Stopped by Anthony Stolarz with a rebound.
17:35 of 1st period - Snap shot by Joakim Nygard.
17:35 of 1st period - Stopped by Anthony Stolarz with a rebound.
18:11 of 1st period - Wrist shot by Derek Barach.
18:11 of 1st period - Stopped by Anthony Stolarz with a rebound.
19:09 of 1st period - Icing by Derek Barach.
19:10 of 1st period - Aleksi Saarela wins face-off versus Luke Philp in Rimouski Oceanic zone.
19:24 of 1st period - Snap shot by Luke Philp.
19:24 of 1st period - Stopped by Anthony Stolarz with a rebound.
19:26 of 1st period - Backhand shot by Chris Stewart.
19:26 of 1st period - Shot Blocked by Brayden Burke.
19:32 of 1st period - Minor Penalty to Otto Leskinen for Diving.
19:33 of 1st period - Aleksi Saarela wins face-off versus Brendan Leipsic in Chicoutimi Sagueneens zone.
19:46 of 1st period - Slapshot by Brendan Leipsic.
19:46 of 1st period - Stopped by Anthony Stolarz without a rebound.
19:47 of 1st period - Aleksi Saarela wins face-off versus Brendan Leipsic in Chicoutimi Sagueneens zone.
19:58 of 1st period - Snap shot by Brendan Leipsic.
19:58 of 1st period - Shot Blocked by Andrew Peeke.
Goals for this period are 1 for Rimouski Oceanic vs 4 for Chicoutimi Sagueneens.
Shots for this period are 13 for Rimouski Oceanic vs 11 for Chicoutimi Sagueneens.

2nd period


0:01 of 2nd period - Aleksi Saarela wins face-off versus Brendan Leipsic in neutral zone.
0:04 of 2nd period - Snap shot by Aleksi Saarela.
0:04 of 2nd period - Stopped by Filip Gustavsson with a rebound.
0:15 of 2nd period - Minor Penalty to Connor Carrick for Tripping.
0:16 of 2nd period - Aleksi Saarela wins face-off versus Joakim Nygard in Rimouski Oceanic zone.
0:17 of 2nd period - Wrist shot by Maxim Letunov.
0:17 of 2nd period - Deflect By Aleksi Saarela.
0:17 of 2nd period - Shot Misses the Net.
0:17 of 2nd period - Puck is out of play.
0:18 of 2nd period - Joakim Nygard wins face-off versus Aleksi Saarela in Rimouski Oceanic zone.
0:27 of 2nd period - Wrist shot by Joakim Nygard.
0:27 of 2nd period - Stopped by Anthony Stolarz with a rebound.
1:32 of 2nd period - Penalty to Otto Leskinen is over, Otto Leskinen is back on ice.
1:32 of 2nd period - Icing by Maxim Letunov.
1:33 of 2nd period - Maxime Fortier wins face-off versus Jonathan Ang in Chicoutimi Sagueneens zone.
1:59 of 2nd period - Wrist shot by Otto Leskinen.
1:59 of 2nd period - Shot Blocked by Kyle Wood.
2:01 of 2nd period - Snap shot by Jakub Zboril.
2:01 of 2nd period - Stopped by Filip Gustavsson without a rebound.
2:02 of 2nd period - Brayden Burke wins face-off versus Joakim Nygard in Rimouski Oceanic zone.
2:03 of 2nd period - Wrist shot by Aleksi Saarela.
2:03 of 2nd period - Stopped by Filip Gustavsson with a rebound.
2:05 of 2nd period - Slapshot by Andrew Peeke.
2:05 of 2nd period - Stopped by Filip Gustavsson with a rebound.
2:07 of 2nd period - Snap shot by Brayden Burke.
2:07 of 2nd period - Goal by Brayden Burke - Rimouski Oceanic : 1 - Chicoutimi Sagueneens : 5.
2:08 of 2nd period - Maxim Letunov wins face-off versus Brendan Leipsic in neutral zone.
2:56 of 2nd period - Maxime Lajoie is hit by Aleksi Saarela and loses puck.
3:15 of 2nd period - Dylan Sikura is hit by Joakim Nygard and loses puck.
3:42 of 2nd period - Beau Starrett is hit by Jalen Smereck and loses puck.
3:50 of 2nd period - Off-side.
3:51 of 2nd period - Dylan Sikura wins face-off versus Brendan Leipsic in neutral zone.
3:54 of 2nd period - Taylor Fedun is hit by Nolan Stevens and loses puck.
4:01 of 2nd period - Snap shot by Dylan Sikura.
4:01 of 2nd period - Shot Misses the Net.
4:03 of 2nd period - Wrist shot by Libor Hajek.
4:03 of 2nd period - Stopped by Filip Gustavsson with a rebound.
4:05 of 2nd period - Wrist shot by Dylan Sikura.
4:05 of 2nd period - Stopped by Filip Gustavsson without a rebound.
4:05 of 2nd period - Dylan Sikura beats up Brendan Leipsic.
4:05 of 2nd period - Penalty to Dylan Sikura for Fighting.
4:05 of 2nd period - Penalty to Brendan Leipsic for Fighting.
4:06 of 2nd period - Maxim Letunov wins face-off versus Blake Pietila in Rimouski Oceanic zone.
4:07 of 2nd period - Snap shot by Scott Wilson.
4:07 of 2nd period - Shot Misses the Net.
4:34 of 2nd period - Off-side.
4:35 of 2nd period - Aleksi Saarela wins face-off versus Cam Darcy in neutral zone.
4:38 of 2nd period - Wrist shot by Dylan Gambrell.
4:38 of 2nd period - Shot Misses the Net.
4:51 of 2nd period - Slapshot by Derek Barach.
4:51 of 2nd period - Stopped by Anthony Stolarz with a rebound.
5:01 of 2nd period - Slapshot by Luke Philp.
5:01 of 2nd period - Stopped by Anthony Stolarz with a rebound.
5:07 of 2nd period - Nick Schilkey is hit by Otto Leskinen and loses puck.
5:12 of 2nd period - Slapshot by Brayden Burke.
5:12 of 2nd period - Stopped by Filip Gustavsson with a rebound.
5:14 of 2nd period - Snap shot by Dylan Gambrell.
5:14 of 2nd period - Shot Misses the Net.
5:16 of 2nd period - Backhand shot by Jakub Zboril.
5:16 of 2nd period - Shot Misses the Net.
5:18 of 2nd period - Wrist shot by Dylan Gambrell.
5:18 of 2nd period - Stopped by Filip Gustavsson with a rebound.
5:20 of 2nd period - Slapshot by Jakub Zboril.
5:20 of 2nd period - Deflect By Nick Schilkey.
5:20 of 2nd period - Stopped by Filip Gustavsson with a rebound.
5:26 of 2nd period - Wrist shot by Brayden Burke.
5:26 of 2nd period - Stopped by Filip Gustavsson with a rebound.
5:28 of 2nd period - Slapshot by Dylan Gambrell.
5:28 of 2nd period - Shot Blocked by Nick Schilkey.
5:30 of 2nd period - Slapshot by Brayden Burke.
5:30 of 2nd period - Stopped by Filip Gustavsson with a rebound.
5:32 of 2nd period - Slapshot by Otto Leskinen.
5:32 of 2nd period - Shot Misses the Net.
5:34 of 2nd period - Snap shot by Otto Leskinen.
5:34 of 2nd period - Shot Misses the Net.
5:36 of 2nd period - Slapshot by Otto Leskinen.
5:36 of 2nd period - Stopped by Filip Gustavsson with a rebound.
5:38 of 2nd period - Snap shot by Brayden Burke.
5:38 of 2nd period - Goal by Brayden Burke - Rimouski Oceanic : 1 - Chicoutimi Sagueneens : 6.
5:39 of 2nd period - Maxim Letunov wins face-off versus Maxime Fortier in neutral zone.
6:25 of 2nd period - Snap shot by Chris Stewart.
6:25 of 2nd period - Shot Misses the Net.
6:27 of 2nd period - Slapshot by Mark Alt.
6:27 of 2nd period - Shot Misses the Net.
6:29 of 2nd period - Slapshot by Luke Philp.
6:29 of 2nd period - Stopped by Anthony Stolarz without a rebound.
6:30 of 2nd period - Jonathan Ang wins face-off versus Maxime Fortier in Chicoutimi Sagueneens zone.
6:44 of 2nd period - Off-side.
6:45 of 2nd period - Maxim Letunov wins face-off versus Maxime Fortier in neutral zone.
6:52 of 2nd period - Snap shot by Scott Wilson.
6:52 of 2nd period - Shot Blocked by Connor Carrick.
7:10 of 2nd period - Connor Carrick is hit by Jakub Zboril and loses puck.
7:34 of 2nd period - Slapshot by Connor Carrick.
7:34 of 2nd period - Stopped by Anthony Stolarz with a rebound.
7:36 of 2nd period - Snap shot by Taylor Fedun.
7:36 of 2nd period - Stopped by Anthony Stolarz with a rebound.
7:38 of 2nd period - Wrist shot by Derek Barach.
7:38 of 2nd period - Shot Misses the Net.
7:40 of 2nd period - Snap shot by Cam Darcy.
7:40 of 2nd period - Shot Misses the Net.
7:42 of 2nd period - Slapshot by Connor Carrick.
7:42 of 2nd period - Shot Misses the Net.
8:04 of 2nd period - Connor Clifton is hit by Nolan Stevens.
8:10 of 2nd period - Andrew Peeke is hit by Connor Clifton and loses puck.
8:22 of 2nd period - Icing by Libor Hajek.
8:23 of 2nd period - Joachim Blichfeld wins face-off versus Reid Duke in Chicoutimi Sagueneens zone.
8:29 of 2nd period - Icing by Maxim Letunov.
8:30 of 2nd period - Maxim Letunov wins face-off versus Luke Philp in Chicoutimi Sagueneens zone.
8:30 of 2nd period - Maxim Letunov is hit by Connor Clifton.
8:47 of 2nd period - Icing by Andrew Peeke.
8:48 of 2nd period - Maxim Letunov wins face-off versus Maxime Fortier in Chicoutimi Sagueneens zone.
10:47 of 2nd period - Wrist shot by Derek Barach.
10:47 of 2nd period - Stopped by Anthony Stolarz without a rebound.
10:48 of 2nd period - Aleksi Saarela wins face-off versus Cam Darcy in Chicoutimi Sagueneens zone.
12:27 of 2nd period - Mark Alt is hit by Jakub Zboril and loses puck.
12:35 of 2nd period - Icing by Luke Philp.
12:36 of 2nd period - Maxim Letunov wins face-off versus Cam Darcy in Rimouski Oceanic zone.
13:41 of 2nd period - Connor Carrick is hit by Otto Leskinen and loses puck.
14:36 of 2nd period - Kyle Wood is hit by Maxim Letunov and loses puck.
14:47 of 2nd period - Wrist shot by Cam Darcy.
14:47 of 2nd period - Stopped by Anthony Stolarz without a rebound.
14:48 of 2nd period - Maxim Letunov wins face-off versus Luke Philp in Chicoutimi Sagueneens zone.
15:05 of 2nd period - Mike Vecchione is hit by Brendan Leipsic and loses puck.
15:26 of 2nd period - Aleksi Saarela is hit by Derek Barach and loses puck.
15:43 of 2nd period - Joachim Blichfeld is hit by Luke Philp and loses puck.
16:03 of 2nd period - Blake Pietila is hit by Dylan Sikura and loses puck.
16:15 of 2nd period - Off-side.
16:16 of 2nd period - Aleksi Saarela wins face-off versus Cam Darcy in neutral zone.
17:05 of 2nd period - Snap shot by Luke Philp.
17:05 of 2nd period - Stopped by Anthony Stolarz without a rebound.
17:06 of 2nd period - Aleksi Saarela wins face-off versus Luke Philp in Chicoutimi Sagueneens zone.
17:31 of 2nd period - Snap shot by Brendan Leipsic.
17:31 of 2nd period - Stopped by Anthony Stolarz without a rebound.
17:32 of 2nd period - Maxim Letunov wins face-off versus Joakim Nygard in Chicoutimi Sagueneens zone.
18:18 of 2nd period - Wrist shot by Cam Darcy.
18:18 of 2nd period - Stopped by Anthony Stolarz with a rebound.
18:21 of 2nd period - Nolan Stevens beats up Mark Alt.
18:21 of 2nd period - Penalty to Nolan Stevens for Fighting.
18:21 of 2nd period - Penalty to Mark Alt for Fighting.
18:22 of 2nd period - Brendan Leipsic wins face-off versus Aleksi Saarela in neutral zone.
18:38 of 2nd period - Icing by Connor Carrick.
18:39 of 2nd period - Maxim Letunov wins face-off versus Brendan Leipsic in Rimouski Oceanic zone.
18:48 of 2nd period - Slapshot by Libor Hajek.
18:48 of 2nd period - Stopped by Filip Gustavsson with a rebound.
18:50 of 2nd period - Snap shot by Scott Wilson.
18:50 of 2nd period - Deflect By Maxim Letunov.
18:50 of 2nd period - Shot Misses the Net.
18:50 of 2nd period - Puck is out of play.
18:51 of 2nd period - Luke Philp wins face-off versus Aleksi Saarela in Rimouski Oceanic zone.
19:04 of 2nd period - Wrist shot by Luke Philp.
19:04 of 2nd period - Stopped by Anthony Stolarz without a rebound.
19:05 of 2nd period - Maxim Letunov wins face-off versus Brendan Leipsic in Chicoutimi Sagueneens zone.
19:16 of 2nd period - Wrist shot by Joakim Nygard.
19:16 of 2nd period - Deflect By Blake Pietila.
19:16 of 2nd period - Stopped by Anthony Stolarz with a rebound.
19:18 of 2nd period - Slapshot by Brendan Leipsic.
19:18 of 2nd period - Stopped by Anthony Stolarz with a rebound.
19:20 of 2nd period - Slapshot by Connor Carrick.
19:20 of 2nd period - Deflect By Aleksi Saarela.
19:20 of 2nd period - Stopped by Anthony Stolarz without a rebound.
19:21 of 2nd period - Aleksi Saarela wins face-off versus Luke Philp in Chicoutimi Sagueneens zone.
19:47 of 2nd period - Scott Wilson is hit by Blake Pietila and loses puck.
Goals for this period are 0 for Rimouski Oceanic vs 2 for Chicoutimi Sagueneens.
Shots for this period are 15 for Rimouski Oceanic vs 15 for Chicoutimi Sagueneens.

3rd period


0:01 of 3rd period - Aleksi Saarela wins face-off versus Blake Pietila in neutral zone.
0:31 of 3rd period - Snap shot by Luke Philp.
0:31 of 3rd period - Stopped by Anthony Stolarz without a rebound.
0:32 of 3rd period - Maxim Letunov wins face-off versus Luke Philp in Chicoutimi Sagueneens zone.
0:32 of 3rd period - Maxim Letunov is hit by Kyle Wood.
0:44 of 3rd period - Snap shot by Luke Philp.
0:44 of 3rd period - Stopped by Anthony Stolarz with a rebound.
1:00 of 3rd period - Wrist shot by Brendan Leipsic.
1:00 of 3rd period - Stopped by Anthony Stolarz with a rebound.
1:02 of 3rd period - Wrist shot by Blake Pietila.
1:02 of 3rd period - Shot Misses the Net.
1:04 of 3rd period - Slapshot by Kyle Wood.
1:04 of 3rd period - Stopped by Anthony Stolarz without a rebound.
1:05 of 3rd period - Aleksi Saarela wins face-off versus Brendan Leipsic in Chicoutimi Sagueneens zone.
2:17 of 3rd period - Off-side.
2:18 of 3rd period - Luke Philp wins face-off versus Maxim Letunov in neutral zone.
2:22 of 3rd period - Maxim Letunov and Kyle Wood fight to a draw.
2:22 of 3rd period - Penalty to Maxim Letunov for Fighting.
2:22 of 3rd period - Penalty to Kyle Wood for Fighting.
2:23 of 3rd period - Jonathan Ang wins face-off versus Luke Philp in Rimouski Oceanic zone.
2:26 of 3rd period - Snap shot by Scott Wilson.
2:26 of 3rd period - Shot Misses the Net.
2:34 of 3rd period - Snap shot by Scott Wilson.
2:34 of 3rd period - Stopped by Filip Gustavsson with a rebound.
2:36 of 3rd period - Wrist shot by Joachim Blichfeld.
2:36 of 3rd period - Shot Blocked by Connor Clifton.
2:38 of 3rd period - Snap shot by Andrew Peeke.
2:38 of 3rd period - Deflect By Scott Wilson.
2:38 of 3rd period - Shot Blocked by Connor Clifton.
2:38 of 3rd period - Puck is out of play.
2:39 of 3rd period - Jonathan Ang wins face-off versus Cam Darcy in Rimouski Oceanic zone.
2:42 of 3rd period - Wrist shot by Jonathan Ang.
2:42 of 3rd period - Shot Misses the Net.
2:44 of 3rd period - Slapshot by Jakub Zboril.
2:44 of 3rd period - Shot Blocked by Derek Barach.
2:50 of 3rd period - Wrist shot by Jonathan Ang.
2:50 of 3rd period - Shot Blocked by Beau Starrett.
2:52 of 3rd period - Snap shot by Jonathan Ang.
2:52 of 3rd period - Stopped by Filip Gustavsson with a rebound.
2:54 of 3rd period - Wrist shot by Aleksi Saarela.
2:54 of 3rd period - Shot Misses the Net.
3:50 of 3rd period - Nick Schilkey is hit by Aleksi Saarela.
5:14 of 3rd period - Slapshot by Dylan Sikura.
5:14 of 3rd period - Stopped by Filip Gustavsson with a rebound.
5:42 of 3rd period - Wrist shot by Connor Clifton.
5:42 of 3rd period - Stopped by Anthony Stolarz without a rebound.
5:43 of 3rd period - Brendan Leipsic wins face-off versus Dylan Sikura in Chicoutimi Sagueneens zone.
5:52 of 3rd period - Wrist shot by Brendan Leipsic.
5:52 of 3rd period - Stopped by Anthony Stolarz with a rebound.
6:06 of 3rd period - Bobby Nardella is hit by Chris Stewart and loses puck.
6:11 of 3rd period - Slapshot by Luke Philp.
6:11 of 3rd period - Stopped by Anthony Stolarz with a rebound.
6:21 of 3rd period - Dylan Gambrell is hit by Maxime Lajoie and loses puck.
6:55 of 3rd period - Chris Stewart is hit by Miikka Salomaki and loses puck.
7:31 of 3rd period - Slapshot by Mike Vecchione.
7:31 of 3rd period - Shot Blocked by Taylor Fedun.
9:56 of 3rd period - Nick Schilkey is hit by Libor Hajek and loses puck.
10:32 of 3rd period - Cam Darcy is hit by Jonathan Ang and loses puck.
11:14 of 3rd period - Maxime Lajoie is hit by Brayden Burke and loses puck.
11:29 of 3rd period - Minor Penalty to Chris Stewart for Interference.
11:30 of 3rd period - Aleksi Saarela wins face-off versus Joakim Nygard in Rimouski Oceanic zone.
12:06 of 3rd period - Scott Wilson is hit by Brendan Leipsic and loses puck.
13:29 of 3rd period - Penalty to Chris Stewart is over, Chris Stewart is back on ice.
13:35 of 3rd period - Chris Stewart is hit by Bobby Nardella and loses puck.
14:00 of 3rd period - Wrist shot by Cam Darcy.
14:00 of 3rd period - Shot Misses the Net.
14:02 of 3rd period - Snap shot by Cam Darcy.
14:02 of 3rd period - Deflect By Brendan Leipsic.
14:02 of 3rd period - Stopped by Anthony Stolarz without a rebound.
14:03 of 3rd period - Reid Duke wins face-off versus Dylan Sikura in Chicoutimi Sagueneens zone.
14:08 of 3rd period - Backhand shot by Joakim Nygard.
14:08 of 3rd period - Stopped by Anthony Stolarz with a rebound.
14:10 of 3rd period - Slapshot by Maxime Lajoie.
14:10 of 3rd period - Shot Blocked by Nolan Stevens.
14:12 of 3rd period - Snap shot by Deven Sideroff.
14:12 of 3rd period - Stopped by Anthony Stolarz without a rebound.
14:13 of 3rd period - Dylan Sikura wins face-off versus Reid Duke in Chicoutimi Sagueneens zone.
14:17 of 3rd period - Off-side.
14:18 of 3rd period - Aleksi Saarela wins face-off versus Luke Philp in neutral zone.
14:20 of 3rd period - Off-side.
14:21 of 3rd period - Aleksi Saarela wins face-off versus Chris Stewart in neutral zone.
14:27 of 3rd period - Minor Penalty to Nick Schilkey for Hooking.
14:28 of 3rd period - Joakim Nygard wins face-off versus Aleksi Saarela in Rimouski Oceanic zone.
14:32 of 3rd period - Wrist shot by Brayden Burke.
14:32 of 3rd period - Shot Misses the Net.
14:34 of 3rd period - Slapshot by Aleksi Saarela.
14:34 of 3rd period - Shot Misses the Net.
14:36 of 3rd period - Snap shot by Brayden Burke.
14:36 of 3rd period - Shot Blocked by Connor Carrick.
14:38 of 3rd period - Slapshot by Dylan Gambrell.
14:38 of 3rd period - Stopped by Filip Gustavsson with a rebound.
14:40 of 3rd period - Slapshot by Libor Hajek.
14:40 of 3rd period - Deflect By Connor Carrick.
14:40 of 3rd period - Stopped by Filip Gustavsson with a rebound.
14:44 of 3rd period - Snap shot by Aleksi Saarela.
14:44 of 3rd period - Goal by Aleksi Saarela - Rimouski Oceanic : 1 - Chicoutimi Sagueneens : 7.
14:45 of 3rd period - Aleksi Saarela wins face-off versus Brendan Leipsic in neutral zone.
14:56 of 3rd period - Wrist shot by Aleksi Saarela.
14:56 of 3rd period - Stopped by Filip Gustavsson without a rebound.
14:57 of 3rd period - Aleksi Saarela wins face-off versus Brendan Leipsic in Rimouski Oceanic zone.
15:24 of 3rd period - Andrew Peeke is hit by Chris Stewart and loses puck.
15:55 of 3rd period - Snap shot by Nolan Stevens.
15:55 of 3rd period - Deflect By Mike Vecchione.
15:55 of 3rd period - Stopped by Filip Gustavsson without a rebound.
15:56 of 3rd period - Brendan Leipsic wins face-off versus Aleksi Saarela in Rimouski Oceanic zone.
15:56 of 3rd period - Jakub Zboril beats up Blake Pietila.
15:56 of 3rd period - Penalty to Jakub Zboril for Fighting.
15:56 of 3rd period - Penalty to Blake Pietila for Fighting.
15:57 of 3rd period - Brayden Burke wins face-off versus Brendan Leipsic in Rimouski Oceanic zone.
16:31 of 3rd period - Snap shot by Joachim Blichfeld.
16:31 of 3rd period - Stopped by Filip Gustavsson without a rebound.
16:31 of 3rd period - Andrew Peeke and Chris Stewart fight to a draw.
16:31 of 3rd period - Penalty to Andrew Peeke for Fighting.
16:31 of 3rd period - Penalty to Chris Stewart for Fighting.
16:32 of 3rd period - Brendan Leipsic wins face-off versus Aleksi Saarela in Rimouski Oceanic zone.
16:58 of 3rd period - Bobby Nardella is hit by Beau Starrett and loses puck.
17:03 of 3rd period - Snap shot by Cam Darcy.
17:03 of 3rd period - Stopped by Anthony Stolarz without a rebound.
17:04 of 3rd period - Maxim Letunov wins face-off versus Cam Darcy in Chicoutimi Sagueneens zone.
17:15 of 3rd period - Connor Clifton is hit by Maxim Letunov and loses puck.
17:56 of 3rd period - Slapshot by Scott Wilson.
17:56 of 3rd period - Shot Misses the Net.
18:09 of 3rd period - Wrist shot by Scott Wilson.
18:09 of 3rd period - Deflect By Connor Clifton.
18:09 of 3rd period - Shot Misses the Net.
18:09 of 3rd period - Puck is out of play.
18:10 of 3rd period - Aleksi Saarela wins face-off versus Brendan Leipsic in Rimouski Oceanic zone.
18:59 of 3rd period - Slapshot by Mark Alt.
18:59 of 3rd period - Deflect By Joakim Nygard.
18:59 of 3rd period - Stopped by Anthony Stolarz with a rebound.
Goals for this period are 0 for Rimouski Oceanic vs 1 for Chicoutimi Sagueneens.
Shots for this period are 12 for Rimouski Oceanic vs 9 for Chicoutimi Sagueneens. Output by the SimonT Hockey Simulator (STHS) for Eric Tremblay - Original Page W3C HTML5 Valid
Hockey Simulator - Hockey Simulation - Hockey Manager